 Dungeon Crawl Stone Soup version 0.29-a0-322-g68df515428 (webtiles) character file.

Game seed: 3121126401325273553

39 kae the Firebug (level 3, 0/20 HPs)
             Began as a Tengu Fire Elementalist on Apr 7, 2022.
             Slain by a goblin
             ... wielding a +0 club
              (3 damage)
             ... on level 2 of the Dungeon.
             The game lasted 00:00:47 (1199 turns).

kae the Firebug (Tengu Fire Elementalist)           Turns: 1199, Time: 00:00:48

Health: 0/20       AC:  3    Str:  8    XL:     3   Next: 47%
Magic:  4/7        EV: 12    Int: 17    God:
Gold:   98         SH:  0    Dex: 14    Spells: 0/6 levels left

rFire   . . .      SeeInvis .   k - +1 short sword
rCold   . . .      Faith    .   (no shield)
rNeg    . . .      Spirit   .   a - +1 robe
rPois   .          Reflect  .   (helmet restricted)
rElec   .          Harm     .   (no cloak)
rCorr   .          Rampage  .   (no gloves)
Will    .....                   (boots unavailable)
Stlth   ++........              (no amulet)
HPRegen 0.06/turn               (no ring)
MPRegen 0.10/turn               (no ring)

@: no status effects
A: beak, talons 3
a: no special abilities


You were on level 2 of the Dungeon.
You visited 1 branch of the dungeon, and saw 2 of its levels.

You collected 98 gold pieces.

Inventory:

Hand Weapons
 k - a +1 short sword (weapon)
Armour
 a - a +1 robe (worn)
Scrolls
 d - a scroll of blinking {unknown}
Potions
 b - a potion of magic
 c - 2 potions of attraction
 e - a potion of resistance
 g - a potion of invisibility
 j - a potion of haste {unknown}


   Skills:
 + Level 0.6 Fighting
 + Level 1.0 Armour
 + Level 2.5 Dodging
 - Level 2.0 Stealth
 + Level 2.2 Spellcasting
 + Level 2.0 Conjurations
 * Level 3.8 Fire Magic


You couldn't memorise any spells.
You knew the following spells:

 Your Spells              Type           Power      Damage    Failure   Level
a - Foxfire               Conj/Fire      44%        2x1d6     5%          1
b - Scorch                Fire           30%        2d6       6%          2
c - Conjure Flame         Conj/Fire      11%        6-21      17%         3

Your spell library contained the following spells:

 Spells                   Type           Power      Damage    Failure   Level
 Inner Flame              Hex/Fire       8%         N/A       26%         3
 Ignite Poison            Fire/Tmut/Pois 6%         N/A       32%         3
 Flame Wave               Conj/Fire      11%        2d5       50%         4
 Sticky Flame             Conj/Fire      11%        2d3       50%         4


Dungeon Overview and Level Annotations

Branches:
Dungeon (2/15)

Altars:


Innate Abilities, Weirdness & Mutations

You have a beak for a mouth.
You have claws for feet.


Message History

You barely miss the hobgoblin. Your peck misses the hobgoblin.
The goblin misses you. The hobgoblin completely misses you.
The goblin hits you but does no damage.
There are monsters nearby!
Casting: Foxfire (safe; 5% risk of failure)
Confirm with . or Enter, or press ? or * to list all spells.
You conjure some foxfire!
The hobgoblin shouts!
The goblin hits you with a +0 club.
A hobgoblin opens the door.
The hobgoblin hits you. The goblin barely misses you.
A goblin comes into view. It is wielding a +0 club.
The goblin barely misses you. The hobgoblin barely misses you.
The goblin hits you but does no damage.
There are monsters nearby!
Casting: Foxfire (safe; 5% risk of failure)
Confirm with . or Enter, or press ? or * to list all spells.
You conjure some foxfire!
The goblin barely misses you. The hobgoblin barely misses you.
The goblin hits you but does no damage. The goblin misses you.
The hobgoblin hits you but does no damage.
The goblin misses you.
You are too injured to fight recklessly!
You are too injured to fight recklessly!
There are monsters nearby!
Casting: Foxfire (safe; 5% risk of failure)
Confirm with . or Enter, or press ? or * to list all spells.
You conjure some foxfire!
The goblin hits you with a +0 club. The hobgoblin hits you.
The goblin hits you but does no damage. The goblin closely misses you.
The hobgoblin closely misses you. The goblin hits you with a +0 club.
Your foxfire dissipates!
The hobgoblin attacks as you move away! The hobgoblin hits you.
* * * LOW HITPOINT WARNING * * *
The goblin attacks as you move away! The goblin closely misses you.
The foxfire hits the goblin.
The goblin is moderately wounded.
The foxfire hits the goblin.
You kill the goblin!
The goblin attacks as you move away! The goblin hits you with a +0 club.
You die...

#.[....# #..###...##.#.#
#......###.## ##.†...#.###
#......#...# #...#.....##
#........####+####....##..####
###.).....##.#...#.##.....#.....
.#.....§...#..'.gg'g.#..##.#####.
......#....##.#ggg#.##..##..##...
..###.......####g####....##.#..#†
.......##.....#§@§#............(.
.......##.##..##.##..............
.....#.##.##...#'#.....#.##.#....
............(......#.###........#
......##.............##....######
.....###.............#.....#
..).................<.....##
.....######..............##
.....# ##..###....#####


You could see a hobgoblin and 5 goblins.

Vanquished Creatures
  An adder (D:2)
  A worm (D:2)
  A dart slug (D:1)
  4 ball pythons
  3 bats (D:1)
  An endoplasm (D:1)
  A giant cockroach (D:2)
  2 hobgoblins
  2 quokkas (D:1)
  A frilled lizard (D:1)
  3 goblins
  2 kobolds
  5 rats
27 creatures vanquished.

Vanquished Creatures (others)
  92 foxfires
92 creatures vanquished.

Grand Total: 119 creatures vanquished

Notes
Turn   | Place    | Note
-------+----------+-------------------------------------------
     0 | D:1      | kae the Tengu Fire Elementalist began the quest for the
                  | Orb.
     0 | D:1      | Reached XP level 1. HP: 10/10 MP: 4/4
   182 | D:1      | Reached XP level 2. HP: 15/15 MP: 1/6
   244 | D:1      | Learned a level 2 spell: Scorch
   802 | D:2      | Reached XP level 3. HP: 17/20 MP: 0/7
   806 | D:2      | Learned a level 3 spell: Conjure Flame
  1019 | D:2      | Reached skill level 1 in Armour
  1199 | D:2      | Slain by a goblin

Illustrated notes

Levels and vault maps discovered:
D:1:      giann_forest_graveyard, layout_rooms
D:2:      cheibrodos_greedy_goblins, layout_rooms, minmay_hexomino_f4

Skill      XL: |  1  2  3 |
---------------+----------+-----
Conjurations   | 2 |  2.0
Armour         | 1 |  1.0
Fighting       | |  0.6
Dodging        | |  2.5
Stealth        | |  2.0
Spellcasting   | |  2.2
Fire Magic     | |  3.8

Action                   || total
-------------------------++-------
Melee: Unarmed           ||     3
       Short sword       ||     6
       Kick              ||     2
       Peck              ||     1
 Cast: Foxfire           ||    53
  Use: Scroll            ||     6
Armor: Robe              ||     8
Dodge: Dodged            ||    24

Table legend: (Time is in decaauts)
 A = Elapsed time spent in this place.
 B = Non-inter-level travel time spent in this place.
 C = Inter-level travel time spent in this place.
 D = Time resting spent in this place.
 E = Time spent auto-exploring this place.
 F = Levels seen in this place.
 G = Mean time per level.
                   A        B        C        D        E       F      G
               +--------+--------+--------+--------+--------+-----+--------+
         Total |   1198 |   1156 |     42 |      0 |    940 |   2 |  599.0 |
       Dungeon |   1198 |   1156 |     42 |      0 |    940 |   2 |  599.0 |
               +--------+--------+--------+--------+--------+-----+--------+

Top non-repeatable levels by time:
     D:1: 730 daAuts
     D:2: 468 daAuts
